[Event "SWE-ch 50 2019"]
[Site "Eskilstuna"]
[Date "2019.07.06"]
[Round "1.1"]
[White "Jonas, Gromark"]
[Black "Andersson, Kjell-Ake"]
[Result "*"]
[ECO "C00"]
[WhiteElo "1833"]
[BlackElo "1859"]
[Annotator "NA"]
[PlyCount "40"]
[EventDate "2019.07.06"]
[EventType "tourn"]
[EventCountry "SWE"]
[SourceTitle "playchess.com"]
[Source "ChessBase"]
[SourceQuality "1"]
[TimeControl "40/5400+30:1800+30"]

1. e4 e6 2. d3 d5 3. Nd2 c5 4. Ngf3 Nc6 5. g3 Nf6 6. Bg2 Be7 7. O-O O-O 8. Re1 Bd7 9. e5 Ne8 10. c3 b5 11. d4 c4 12. Nf1 a5 13. h4 Nc7 14. Bf4 b4 15. h5 Nb5 16. Qd2 a4 17. Re3 a3 18. Rb1 axb2 19. Qxb2 Nxc3 20. Ra1 Ra3 *

[Event "SWE-ch 50 2019"]
[Site "Eskilstuna"]
[Date "2019.07.08"]
[Round "3.1"]
[White "Eriksson, Mats"]
[Black "Andersson, Kjell-Ake"]
[Result "0-1"]
[ECO "C06"]
[WhiteElo "1961"]
[BlackElo "1859"]
[Annotator "NA"]
[PlyCount "64"]
[EventDate "2019.07.06"]
[EventType "tourn"]
[EventCountry "SWE"]
[SourceTitle "playchess.com"]
[Source "ChessBase"]
[SourceQuality "1"]
[TimeControl "40/5400+30:1800+30"]

1. e4 e6 2. d4 d5 3. Nd2 Nf6 4. e5 Nfd7 5. Bd3 c5 6. c3 Nc6 7. Ne2 Qb6 8. Nf3 cxd4 9. cxd4 f6 10. exf6 Nxf6 11. O-O Bd6 12. Bd2 O-O 13. Bc3 Bd7 14. Rc1 Rae8 15. Qd2 Qc7 16. b4 Qb8 17. b5 Ne7 18. a4 Ng4 19. h3 Rxf3 20. hxg4 Rf6 21. g5 Rf7 22. Qe3 Nf5 23. Qh3 g6 24. g3 e5 25. g4 e4 26. Bc2 Ng7 27. Bb3 Be6 28. Ng3 Bf4 29. Rce1 Bxg5 30. f3 e3 31. Ne2 Nh5 32. Qh2 Qxh2+ 0-1

[Event "SWE-ch 50 2019"]
[Site "Eskilstuna"]
[Date "2019.07.13"]
[Round "8.4"]
[White "Gajic, Zoran"]
[Black "Lagerborg, Krister"]
[Result "0-1"]
[ECO "A48"]
[WhiteElo "1936"]
[BlackElo "2129"]
[Annotator "NA"]
[PlyCount "46"]
[EventDate "2019.07.06"]
[EventType "tourn"]
[EventCountry "SWE"]
[SourceTitle "playchess.com"]
[Source "ChessBase"]
[SourceQuality "1"]
[TimeControl "40/5400+30:1800+30"]

1. d4 Nf6 2. Nf3 g6 3. Bg5 Bg7 4. Nbd2 d6 5. c3 c6 6. e4 Qc7 7. Bc4 e5 8. dxe5 dxe5 9. Qe2 Nbd7 10. h3 b5 11. Bb3 Nc5 12. Bc2 O-O 13. a4 a6 14. axb5 cxb5 15. O-O Bb7 16. Qe3 Rfe8 17. Rfe1 Rad8 18. Nf1 Qc6 19. Ng3 Qc7 20. h4 h5 21. Bh6 Ng4 22. Bg5 Nf6 23. Bxf6 Bxf6 0-1

[Event "SWE-ch 50 2019"]
[Site "Eskilstuna"]
[Date "2019.07.14"]
[Round "9.3"]
[White "Lagerborg, Krister"]
[Black "Adolfsson, Kjell"]
[Result "1-0"]
[ECO "B00"]
[WhiteElo "2129"]
[BlackElo "1895"]
[Annotator "ChessBase"]
[PlyCount "99"]
[EventDate "2019.07.06"]
[EventType "tourn"]
[EventCountry "SWE"]
[SourceTitle "playchess.com"]
[Source "ChessBase"]
[SourceQuality "1"]
[TimeControl "40/5400+30:1800+30"]

1. e4 b6 2. f4 Bb7 3. d3 e6 4. Nf3 d6 5. g3 Nd7 6. Bg2 Be7 7. O-O c5 8. Qe2 Qc7 9. c3 Ngf6 10. Nbd2 O-O 11. h3 h6 12. g4 Nh7 13. Rf2 e5 14. f5 g5 15. c4 Nb8 16. Nf1 f6 17. Ne3 Bd8 18. Nd2 Nc6 19. Nb1 Nd4 20. Qd1 Qd7 21. Nc3 Rf7 22. Ned5 Bc6 23. Be3 Qe8 24. Bf3 Rb7 25. Qd2 a6 26. Kg2 b5 27. Ne2 Rab8 28. cxb5 Rxb5 29. Bxd4 exd4 30. b3 Ba5 31. Qc2 R5b7 32. Qc4 Qf7 33. Qxa6 Bxd5 34. exd5 Bc7 35. Ng3 Rb6 36. Qc4 Nf8 37. Be4 Nd7 38. Qc2 R6b7 39. Qe2 Ra7 40. Rh1 Ra3 41. h4 Rba8 42. hxg5 hxg5 43. Kg1 Ne5 44. Rfh2 Qg7 45. Nf1 Rxa2 46. Qxa2 Rxa2 47. Rxa2 Nxg4 48. Ra8+ Kf7 49. Rah8 Ne5 50. R8h2 1-0